 Dungeon Crawl Stone Soup version 0.22-a0-609-gfedc9ff (webtiles) character file.

160 Gildeon the Charmwright (level 5, -2/38 HPs)
             Began as a Merfolk Skald on July 9, 2018.
             Killed from afar by an orc wizard (7 damage)
             ... with a magic dart
             ... on level 4 of the Dungeon on July 10, 2018.
             The game lasted 00:14:34 (3946 turns).

Gildeon the Charmwright (Merfolk Skald)             Turns: 3946, Time: 00:14:35

Health: -2/38      AC:  6    Str: 13    XL:     5   Next: 41%
Magic:  8/9        EV: 12    Int: 12    God:
Gold:   170        SH:  0    Dex: 13    Spells: 2/10 levels left

rFire    . . .     SeeInvis .   a - +0 spear
rCold    . . .     Gourm    .   (no shield)
rNeg     . . .     Faith    .   b - +1 leather armour
rPois    .         Spirit   .   p - +0 helmet
rElec    .         Reflect  .   (no cloak)
rCorr    .         Harm     .   (no gloves)
MR       .....                  i - +0 pair of boots
Stlth    ++........             (no amulet)
HPRegen  0.12/turn              (no ring)
MPRegen  0.11/turn              (no ring)

@: infused
A: change form in water, swift swim, stealthy swim
a: no special abilities


You were on level 4 of the Dungeon.
You were not hungry.

You visited 1 branch of the dungeon, and saw 4 of its levels.

You collected 170 gold pieces.

Inventory:

Hand Weapons
 a - a +0 spear (weapon)
 f - a +0 dagger
Armour
 b - a +1 leather armour (worn)
 i - a +0 pair of boots (worn)
 p - a +0 helmet (worn)
Scrolls
 h - a scroll of teleportation
Potions
 c - a potion of curing
 e - 3 potions of heal wounds
 g - 2 potions of agility {unknown}
 k - a potion of experience {unknown}
 l - a potion of might {unknown}
 m - a potion of mutation {unknown}
 n - a potion of berserk rage {unknown}
 o - a potion of lignification {unknown}
Comestibles
 d - 5 rations
 j - 3 chunks of flesh


   Skills:
 - Level 2.1 Fighting
 - Level 1.0 Short Blades
 - Level 3.0 Polearms
 - Level 0.6 Armour
 - Level 2.6 Dodging
 + Level 3.1 Stealth
 + Level 3.2 Spellcasting
 + Level 4.5 Charms


You had 2 spell levels left.
You knew the following spells:

 Your Spells              Type           Power        Failure   Level  Hunger
a - Infusion              Chrm           ##..         4%          1    #......
b - Song of Slaying       Chrm           ##......     7%          2    ###....
c - Shroud of Golubria    Chrm/Tloc      #.........   19%         2    ###....
d - Regeneration          Chrm/Necr      #.........   34%         3    ###....

Your spell library contained the following spells:

 Spells                   Type           Power        Failure   Level  Hunger
 Spectral Weapon          Hex/Chrm       #.......     34%         3    ###....


Dungeon Overview and Level Annotations

Branches:
Dungeon (4/15)
 Temple: D:4-7

Altars:
Wu Jian
Yredelemnul


Message History

The orc wizard is severely wounded.
The orc wizard hits you with a dagger.
* * * LOW HITPOINT WARNING * * *
You hit the orc wizard but do no damage.
The orc wizard is severely wounded.
The orc wizard closely misses you.
Casting: Song of Slaying (safe; 7% risk of failure)
Confirm with . or Enter, or press ? or * to list all spells.
You begin infusing your attacks with magical energy.
The orc wizard closely misses you. The orc wizard hits you with a dagger.
* * * LOW HITPOINT WARNING * * *
You barely miss the orc wizard.
The orc wizard is severely wounded.
The orc wizard hits you with a dagger.
* * * LOW HITPOINT WARNING * * *
You hit the orc wizard but do no damage.
The orc wizard is severely wounded.
The orc wizard points at you and mumbles some strange words.
The magic dart hits you!
You die...

#......# #......#
+### .. #......#
..<. ..o.#......#
. ####
..o.o....#.# ...
##o###ยง.#.#.....
#.)))#.#.....
#..#'#.#.....
#..@o........
#............
#..........##
#..#.#.....#
#...(......#
.....##...#.###
............#
########......
#........


You could see an orc wizard.

Vanquished Creatures
  A worker ant (D:4)
  6 adders
  An ooze (D:2)
  2 worms (D:2)
  4 orcs (D:4)
  4 giant cockroaches
  9 hobgoblins
  2 jackals (D:1)
  9 kobolds
  3 quokkas
  8 bats
  4 frilled lizards
  7 goblins
  10 rats
  2 plants
72 creatures vanquished.

Notes
Turn   | Place    | Note
-------+----------+-------------------------------------------
     0 | D:1      | Gildeon the Merfolk Skald began the quest for the Orb.
     0 | D:1      | Reached XP level 1. HP: 16/16 MP: 3/3
   284 | D:1      | Reached XP level 2. HP: 18/22 MP: 0/5
   357 | D:1      | Reached skill level 1 in Stealth
   568 | D:1      | Learned a level 2 spell: Song of Slaying
   571 | D:1      | Learned a level 2 spell: Shroud of Golubria
  1256 | D:2      | Reached XP level 3. HP: 27/27 MP: 6/6
  1880 | D:2      | Reached skill level 4 in Charms
  1997 | D:2      | Reached XP level 4. HP: 25/33 MP: 3/8
  2544 | D:2      | Reached skill level 1 in Short Blades
  3133 | D:3      | Found a basalt altar of Yredelemnul.
  3332 | D:3      | Found an ornate altar of the Wu Jian Council.
  3516 | D:3      | Learned a level 3 spell: Regeneration
  3768 | D:4      | Reached XP level 5. HP: 21/38 MP: 4/9
  3799 | D:4      | Upgraded the game from 0.22-a0-608-g8a62e23 to 0.22-a0-609-gfedc9ff
  3946 | D:4      | Killed from afar by an orc wizard

Vault maps used:
D:1:      kennysheep_arrival_seaside
D:2:      serial_forest, infiniplex_forest_lined_3, infiniplex_forest_lined_2,
          infiniplex_forest_clump_large, infiniplex_forest_end_3,
          infiniplex_forest_clump_cross, first_ration
D:3:      nicolae_overflow_crystal_walls, lemuel_coloured_pillars_altar
D:4:      nicolae_overflow_hidden_temple, temple_green

Skill      XL: |  1  2  3  4  5 |
---------------+----------------+-----
Stealth        | 1 2 3 |  3.1
Charms         | 4 |  4.5
Short Blades   | 1 |  1.0
Spellcasting   | 3 |  3.2
Fighting       | |  2.1
Polearms       | |  3.0
Armour         | |  0.6
Dodging        | |  2.6

Action                   |  1- 3 |  4- 6 || total
-------------------------+-------+-------++-------
Melee: Spear             |   194 |   290 ||   484
       Dagger            |       |    26 ||    26
 Cast: Infusion          |    10 |     6 ||    16
       Song of Slaying   |       |     1 ||     1
  Use: Scroll            |     4 |     5 ||     9
       Potion            |       |     2 ||     2
 Stab: Sleeping          |     2 |     2 ||     4
       Distracted        |     1 |       ||     1
  Eat: Chunk             |     4 |     3 ||     7
       Ration            |       |     1 ||     1
Armor: Leather armour    |    33 |    45 ||    78
Dodge: Dodged            |    60 |   107 ||   167

Table legend:
 A = Spawn XP
 B = Non-spawn XP
 C = Spawn XP percentage of total XP
 D = Spawn monster count
 E = Non-spawn monster count
 F = Spawn count percentage of total count
 G = Total turns spent on level
                    A         B        C        D         E        F      G
               +---------+---------+-------+---------+---------+-------+---------
         Total |       0 |     229 |   0.0 |       0 |      70 |   0.0 |  3946
               +---------+---------+-------+---------+---------+-------+---------
           D:1 |       0 |      27 |   0.0 |       0 |      19 |   0.0 |  1136
           D:2 |       0 |      95 |   0.0 |       0 |      30 |   0.0 |  1794
           D:3 |       0 |      31 |   0.0 |       0 |      13 |   0.0 |   821
           D:4 |       0 |      76 |   0.0 |       0 |       8 |   0.0 |   195
               +---------+---------+-------+---------+---------+-------+---------
